Reno Silver Aces vs Toronto St Pats
Created - Wednesday, March 20, 2024 at 09:02
Goals
|
| Reno Silver Aces |
2 |
1 |
0 |
3 |
| Toronto St Pats |
1 |
3 |
1 |
5 |
|
Shots
|
| Reno Silver Aces |
12 |
3 |
5 |
20 |
| Toronto St Pats |
9 |
13 |
13 |
35 |
|
1st period
1. Reno Silver Aces , Trevor Lewis 14 (Josh Archibald 10, Dylan Coghlan 4) at 2:20
2. Toronto St Pats , Austin Watson 14 (Quinton Byfield 30, Sheldon Dries 18) at 2:57
3. Reno Silver Aces , Maxime Comtois 9 (Peter Abbandonato 13) at 14:46 (PP)
Penalties :
Lassi Thomson (TSP) for Roughing (Minor) at 3:51, Austin Watson (TSP) for Fighting (Major) at 7:26, Nicolas Deslauriers (RSA) for Fighting (Major) at 7:26, Austin Watson (TSP) for instigated a fight (Minor) at 7:26, Austin Watson (TSP) for instigated a fight (10 Minutes Misconduct) at 7:26, Sean Walker (TSP) for Goalie Interference (Minor) at 14:45, Jeremie Poirier (RSA) for Cross-checking (Minor) at 19:03
2nd period
4. Toronto St Pats , Filip Hallander 17 (Sheldon Dries 19) at 1:10
5. Toronto St Pats , William Lockwood 10 (Filip Hallander 25, Nick Cousins 26) at 12:58
6. Toronto St Pats , Jake Leschyshyn 7 (Lucas Carlsson 10, Pierre-Olivier Joseph 20) at 18:30
7. Reno Silver Aces , Danton Heinen 14 (Robert Bortuzzo 16) at 19:03
Penalties :
Robert Bortuzzo (RSA) for Holding (Minor) at 1:48, Robert Bortuzzo (RSA) for Interference (Minor) at 6:16, Sean Walker (TSP) for Hooking (Minor) at 14:01
3rd period
8. Toronto St Pats , Filip Hallander 18 (Pierre-Olivier Joseph 21, Sean Walker 20) at 6:25 (PP)
Penalties :
William Dufour (RSA) for Holding Stick (Minor) at 5:33, Nicolas Beaudin (TSP) for Hooking (Minor) at 10:24
Goalie Stats
Mackenzie Blackwood (RSA), 30 saves from 35 shots - (0.857), L, 4-8-0, 60:00 minutes
Cal Petersen (TSP), 17 saves from 20 shots - (0.850), W, 23-4-0, 60:00 minutes
Players Stats for Reno Silver Aces
Player Name G A P +/- PIM S H SB GA TA FO MP PP MP PK MP
------------------------------------------------------------------------------------
Danton Heinen 1 0 1 -1 0 3 2 1 2 0 0/1 17:26 3:54 0:00
Drew O'Connor 0 0 0 -2 0 0 1 1 1 1 0/0 15:12 0:00 3:28
Dylan Coghlan 0 1 1 -1 0 1 0 2 1 0 0/0 18:15 0:41 3:32
Jeremie Poirier 0 0 0 -1 2 0 1 0 0 0 0/0 16:31 3:09 0:00
Jon Merrill 0 0 0 -1 0 1 1 4 1 0 0/0 21:08 0:00 3:07
Josh Archibald 0 1 1 1 0 3 2 1 0 2 1/1 16:10 0:00 3:16
Lars Eller 0 0 0 -1 0 1 2 2 0 2 11/17 16:53 0:00 3:12
Maxime Comtois 1 0 1 -1 0 5 1 0 0 0 0/0 17:25 3:56 0:00
Michael Stone 0 0 0 -1 0 0 1 1 1 2 0/0 18:10 1:00 3:42
Nicolas Deslauriers 0 0 0 -1 5 0 0 0 0 0 0/0 9:45 0:00 0:00
Patrick Brown 0 0 0 -2 0 1 1 1 1 0 6/11 14:43 0:00 3:28
Peter Abbandonato 0 1 1 0 0 0 2 0 0 0 5/7 11:13 3:56 0:00
Robert Bortuzzo 0 1 1 -1 4 0 1 1 0 2 0/0 23:02 4:01 1:18
Trevor Lewis 1 0 1 1 0 3 2 0 0 1 4/15 16:49 4:01 0:09
Valtteri Puustinen 0 0 0 0 0 0 1 2 0 1 0/0 13:08 4:01 0:05
Vinnie Hinostroza 0 0 0 1 0 1 0 0 0 1 0/0 17:24 4:01 0:00
William Dufour 0 0 0 0 2 1 2 1 0 0 0/1 11:29 3:56 0:00
William Villeneuve 0 0 0 0 0 0 1 0 0 1 0/0 18:23 3:09 1:59
Players Stats for Toronto St Pats
Player Name G A P +/- PIM S H SB GA TA FO MP PP MP PK MP
------------------------------------------------------------------------------------
Austin Watson 1 0 1 0 17 2 4 0 1 0 2/2 13:08 1:23 2:48
Brendan Brisson 0 0 0 -1 0 4 0 0 3 1 0/0 12:57 3:18 0:00
Connor Dewar 0 0 0 1 0 6 3 0 0 0 1/2 17:06 3:18 3:53
Corey Andonovski 0 0 0 1 0 2 1 0 0 0 0/0 11:40 0:00 0:58
Filip Hallander 2 1 3 2 0 4 5 0 2 0 6/13 19:22 3:18 3:53
Jake Leschyshyn 1 0 1 1 0 3 3 0 0 1 7/12 15:35 2:01 0:07
Lassi Thomson 0 0 0 2 2 0 0 2 0 0 0/0 21:32 3:25 3:01
Lucas Carlsson 0 1 1 2 0 0 2 0 0 0 0/0 22:28 3:25 3:55
Nick Cousins 0 1 1 2 0 2 2 0 1 1 1/2 13:12 0:04 0:00
Nicolas Beaudin 0 0 0 -1 2 1 1 0 0 0 0/0 13:20 0:00 0:18
Pierre-Olivier Joseph 0 2 2 1 0 1 2 0 0 0 0/0 24:30 3:24 4:02
Quinton Byfield 0 1 1 0 0 1 2 0 3 1 1/1 16:11 3:27 0:34
Riley Damiani 0 0 0 -1 0 0 0 0 0 1 1/4 10:57 0:11 0:00
Scott Perunovich 0 0 0 -1 0 0 1 0 0 0 0/0 14:40 0:00 1:33
Sean Walker 0 1 1 1 4 2 4 0 1 0 0/0 23:32 3:24 3:05
Sheldon Dries 0 2 2 0 0 3 3 2 1 0 7/16 19:15 3:27 3:41
Ville Koivunen 0 0 0 -1 0 0 0 0 1 1 0/0 9:32 0:00 0:00
William Lockwood 1 0 1 2 0 4 2 0 0 1 0/1 13:01 0:00 0:00
3 Stars
1 - Filip Hallander (TSP)
2 - William Lockwood (TSP)
3 - Jake Leschyshyn (TSP)
Power Play
Reno Silver Aces - 1 on 5 Attempt(s) - 20.00%
Toronto St Pats - 1 on 4 Attempt(s) - 25.00%
Penalty Kill
Reno Silver Aces - 3 on 4 Attempt(s) - 75.00%
- Score 0 goal in Penalty Kill
Toronto St Pats - 4 on 5 Attempt(s) - 80.00%
- Score 0 goal in Penalty Kill
Team Stat
Reno Silver Aces - Hits : 21 - Faceoff Wins : 27 - Blocked Shots : 17 - Penalty Minutes : 13
Toronto St Pats - Hits : 35 - Faceoff Wins : 26 - Blocked Shots : 4 - Penalty Minutes : 25
Official
Referees : Dan O'Halloran and Eric Furlatt
Linesman : Andy McElman and Tim Nowak
Game Notes
Austin Watson and Nicolas Deslauriers fight to a draw at 7:26 of 1st period
Reno Silver Aces
5 vs 5 Forward
Center Left Wing Right Wing Time % Phy DF OF
1 Lars Eller Maxime Comtois Danton Heinen 30 1 2 2
2 Trevor Lewis Vinnie Hinostroza Josh Archibald 30 1 2 2
3 Patrick Brown Drew O'Connor Nicolas Deslauriers 25 1 2 2
4 Peter Abbandonato Valtteri Puustinen William Dufour 15 1 2 2
5 vs 5 Defense
Defense Defense Time % Phy DF OF
1 Robert Bortuzzo Jon Merrill 30 1 2 2
2 Michael Stone Dylan Coghlan 30 1 2 2
3 Jeremie Poirier William Villeneuve 25 1 2 2
4 Robert Bortuzzo Jon Merrill 15 1 2 2
PowerPlay Forward
Center Left Wing Right Wing Time % Phy DF OF
1 Trevor Lewis Valtteri Puustinen Vinnie Hinostroza 50 1 2 2
2 Peter Abbandonato Maxime Comtois William Dufour 50 1 2 2
PowerPlay Defense
Defense Defense Time % Phy DF OF
1 Danton Heinen Robert Bortuzzo 50 1 2 2
2 William Villeneuve Jeremie Poirier 50 1 2 2
Penalty Kill 4 Players Forward
Center Wing Time % Phy DF OF
1 Lars Eller Josh Archibald 50 1 2 2
2 Patrick Brown Drew O'Connor 50 1 2 2
Penalty Kill 4 Players Defense
Defense Defense Time % Phy DF OF
1 Robert Bortuzzo Jon Merrill 50 1 2 2
2 Michael Stone Dylan Coghlan 50 1 2 2
Penalty Kill - 3 Players Forward
Forward Time % Phy DF OF
1 Lars Eller 50 1 2 2
2 Patrick Brown 50 1 2 2
Penalty Kill - 3 Players Defense
Defense Defense Time % Phy DF OF
1 Robert Bortuzzo Jon Merrill 50 1 2 2
2 Michael Stone Dylan Coghlan 50 1 2 2
4 vs 4 Forward
Center Wing Time % Phy DF OF
1 Lars Eller Josh Archibald 50 1 2 2
2 Peter Abbandonato Nicolas Deslauriers 50 1 2 2
4 vs 4 Defense
Defense Defense Time % Phy DF OF
1 Robert Bortuzzo Jon Merrill 50 1 2 2
2 William Villeneuve Jeremie Poirier 50 1 2 2
Last Minutes Offensive
Center Left Wing Right Wing Defense Defense
Lars Eller Danton Heinen Trevor Lewis Michael Stone Jon Merrill
Last Minutes Defensive
Center Left Wing Right Wing Defense Defense
Lars Eller Josh Archibald Patrick Brown Robert Bortuzzo Jon Merrill
Goaltenders
Starting : Mackenzie Blackwood
Backup : Casey DeSmith
Extra Forwards
Normal : Valtteri Puustinen, Vinnie Hinostroza, Drew O'Connor - PP : Valtteri Puustinen, Vinnie Hinostroza - PK : Drew O'Connor
Extra Defensemen
Normal : Dylan Coghlan, William Villeneuve, Robert Bortuzzo - PP : Michael Stone - PK : William Villeneuve, Robert Bortuzzo
Penalty Shots
Lars Eller, Trevor Lewis, Maxime Comtois, Nicolas Deslauriers, Josh Archibald
Toronto St Pats
5 vs 5 Forward
Center Left Wing Right Wing Time % Phy DF OF
1 Sheldon Dries Quinton Byfield Austin Watson 30 1 2 2
2 Filip Hallander Nick Cousins William Lockwood 30 1 2 2
3 Jake Leschyshyn Connor Dewar Corey Andonovski 25 1 2 2
4 Riley Damiani Brendan Brisson Ville Koivunen 15 1 2 2
5 vs 5 Defense
Defense Defense Time % Phy DF OF
1 Sean Walker Pierre-Olivier Joseph 30 1 2 2
2 Lucas Carlsson Lassi Thomson 30 1 2 2
3 Nicolas Beaudin Scott Perunovich 25 1 2 2
4 Sean Walker Pierre-Olivier Joseph 15 1 2 2
PowerPlay Forward
Center Left Wing Right Wing Time % Phy DF OF
1 Sheldon Dries Quinton Byfield Austin Watson 50 1 2 2
2 Filip Hallander Connor Dewar Brendan Brisson 50 1 2 2
PowerPlay Defense
Defense Defense Time % Phy DF OF
1 Sean Walker Pierre-Olivier Joseph 50 1 2 2
2 Lucas Carlsson Lassi Thomson 50 1 2 2
Penalty Kill 4 Players Forward
Center Wing Time % Phy DF OF
1 Sheldon Dries Austin Watson 50 1 2 2
2 Filip Hallander Connor Dewar 50 1 2 2
Penalty Kill 4 Players Defense
Defense Defense Time % Phy DF OF
1 Sean Walker Pierre-Olivier Joseph 50 1 2 2
2 Lucas Carlsson Lassi Thomson 50 1 2 2
Penalty Kill - 3 Players Forward
Forward Time % Phy DF OF
1 Sheldon Dries 50 1 2 2
2 Filip Hallander 50 1 2 2
Penalty Kill - 3 Players Defense
Defense Defense Time % Phy DF OF
1 Sean Walker Pierre-Olivier Joseph 50 1 2 2
2 Lucas Carlsson Lassi Thomson 50 1 2 2
4 vs 4 Forward
Center Wing Time % Phy DF OF
1 Sheldon Dries Quinton Byfield 50 1 2 2
2 Filip Hallander Austin Watson 50 1 2 2
4 vs 4 Defense
Defense Defense Time % Phy DF OF
1 Sean Walker Pierre-Olivier Joseph 50 1 2 2
2 Lucas Carlsson Lassi Thomson 50 1 2 2
Last Minutes Offensive
Center Left Wing Right Wing Defense Defense
Sheldon Dries Quinton Byfield Austin Watson Sean Walker Pierre-Olivier Joseph
Last Minutes Defensive
Center Left Wing Right Wing Defense Defense
Filip Hallander Austin Watson William Lockwood Sean Walker Pierre-Olivier Joseph
Goaltenders
Starting : Cal Petersen
Backup : Hugo Alnefelt
Extra Forwards
Normal : Jake Leschyshyn, Riley Damiani, Corey Andonovski - PP : Jake Leschyshyn, Riley Damiani - PK : Corey Andonovski
Extra Defensemen
Normal : Nicolas Beaudin, Scott Perunovich, Lucas Carlsson - PP : Nicolas Beaudin - PK : Scott Perunovich, Lucas Carlsson
Penalty Shots
Quinton Byfield, Austin Watson, Nick Cousins, Sheldon Dries, Connor Dewar
% Time on Ice - Reno Silver Aces
Lines # - Real PCT - Wanted PCT - Time Play
Normal Forward
1 - 30% - 30% - 13:36
2 - 33% - 30% - 14:58
3 - 22% - 25% - 9:55
4 - 15% - 15% - 6:45
Normal Defense
1 - 30% - 30% - 13:35
2 - 30% - 30% - 13:35
3 - 29% - 25% - 13:08
4 - 11% - 15% - 4:56
PP Forward
1 - 51% - 50% - 4:01
2 - 49% - 50% - 3:56
PP Defense
1 - 56% - 50% - 4:29
2 - 44% - 50% - 3:28
PK Forward
1 - 49% - 50% - 3:21
2 - 51% - 50% - 3:28
PK Defense
1 - 49% - 50% - 3:22
2 - 51% - 50% - 3:27
PK3 Forward
1 - 0% - 50%
2 - 0% - 50%
PK3 Defense
1 - 0% - 50%
2 - 0% - 50%
44 Forward
1 - 0% - 50%
2 - 0% - 50%
44 Defense
1 - 0% - 50%
2 - 0% - 50%
Last Minute Offensive - 0:00
Last Minute Defensive - 0:00
Total
Forward - 60:00
Defense - 60:00
|
% Time on Ice - Toronto St Pats
Lines # - Real PCT - Wanted PCT - Time Play
Normal Forward
1 - 29% - 30% - 13:06
2 - 28% - 30% - 12:41
3 - 22% - 25% - 9:55
4 - 21% - 15% - 9:32
Normal Defense
1 - 29% - 30% - 12:56
2 - 33% - 30% - 15:07
3 - 29% - 25% - 13:02
4 - 9% - 15% - 4:09
PP Forward
1 - 52% - 50% - 3:31
2 - 48% - 50% - 3:18
PP Defense
1 - 50% - 50% - 3:24
2 - 50% - 50% - 3:25
PK Forward
1 - 51% - 50% - 4:04
2 - 49% - 50% - 3:53
PK Defense
1 - 51% - 50% - 4:04
2 - 49% - 50% - 3:53
PK3 Forward
1 - 0% - 50%
2 - 0% - 50%
PK3 Defense
1 - 0% - 50%
2 - 0% - 50%
44 Forward
1 - 0% - 50%
2 - 0% - 50%
44 Defense
1 - 0% - 50%
2 - 0% - 50%
Last Minute Offensive - 0:00
Last Minute Defensive - 0:00
Total
Forward - 60:00
Defense - 60:00
|
Play-by-Play
1st period
0:01 of 1st period - Lars Eller wins face-off versus Sheldon Dries in neutral zone.
0:08 of 1st period - Slapshot by Maxime Comtois.
0:08 of 1st period - Deflect By Danton Heinen.
0:08 of 1st period - Stopped by Cal Petersen with a rebound.
0:10 of 1st period - Snap shot by Lars Eller.
0:10 of 1st period - Deflect By Danton Heinen.
0:10 of 1st period - Shot Blocked by Sheldon Dries.
0:10 of 1st period - Puck is out of play.
0:11 of 1st period - Filip Hallander wins face-off versus Trevor Lewis in Toronto St Pats zone.
1:14 of 1st period - Wrist shot by Josh Archibald.
1:14 of 1st period - Stopped by Cal Petersen with a rebound.
1:16 of 1st period - Wrist shot by Josh Archibald.
1:16 of 1st period - Shot Misses the Net.
2:14 of 1st period - Slapshot by Trevor Lewis.
2:14 of 1st period - Shot Misses the Net.
2:16 of 1st period - Slapshot by Dylan Coghlan.
2:16 of 1st period - Stopped by Cal Petersen with a rebound.
2:18 of 1st period - Slapshot by Josh Archibald.
2:18 of 1st period - Stopped by Cal Petersen with a rebound.
2:20 of 1st period - Wrist shot by Trevor Lewis.
2:20 of 1st period - Goal by Trevor Lewis - Reno Silver Aces : 1 - Toronto St Pats : 0.
2:21 of 1st period - Connor Dewar wins face-off versus Patrick Brown in neutral zone.
2:30 of 1st period - Snap shot by Patrick Brown.
2:30 of 1st period - Shot Misses the Net.
2:32 of 1st period - Snap shot by Patrick Brown.
2:32 of 1st period - Stopped by Cal Petersen with a rebound.
2:45 of 1st period - Icing by Sheldon Dries.
2:46 of 1st period - Sheldon Dries wins face-off versus Lars Eller in Toronto St Pats zone.
2:55 of 1st period - Snap shot by Quinton Byfield.
2:55 of 1st period - Shot Blocked by Robert Bortuzzo.
2:57 of 1st period - Slapshot by Austin Watson.
2:57 of 1st period - Goal by Austin Watson - Reno Silver Aces : 1 - Toronto St Pats : 1.
2:58 of 1st period - Peter Abbandonato wins face-off versus Nick Cousins in neutral zone.
3:01 of 1st period - Lassi Thomson is hit by William Dufour and loses puck.
3:23 of 1st period - Lassi Thomson is hit by Jon Merrill and loses puck.
3:51 of 1st period - Minor Penalty to Lassi Thomson for Roughing.
3:52 of 1st period - Sheldon Dries wins face-off versus Trevor Lewis in Toronto St Pats zone.
4:18 of 1st period - Robert Bortuzzo is hit by Sean Walker and loses puck.
5:11 of 1st period - Icing by William Villeneuve.
5:12 of 1st period - Peter Abbandonato wins face-off versus Filip Hallander in Reno Silver Aces zone.
5:12 of 1st period - Peter Abbandonato is hit by Connor Dewar.
5:51 of 1st period - Penalty to Lassi Thomson is over, Lassi Thomson is back on ice.
6:00 of 1st period - Icing by Sheldon Dries.
6:01 of 1st period - Patrick Brown wins face-off versus Riley Damiani in Toronto St Pats zone.
6:26 of 1st period - Nicolas Beaudin is hit by Josh Archibald and loses puck.
6:37 of 1st period - Wrist shot by Riley Damiani.
6:37 of 1st period - Deflect By Brendan Brisson.
6:37 of 1st period - Stopped by Mackenzie Blackwood with a rebound.
7:14 of 1st period - Snap shot by Connor Dewar.
7:14 of 1st period - Stopped by Mackenzie Blackwood with a rebound.
7:16 of 1st period - Slapshot by Jake Leschyshyn.
7:16 of 1st period - Deflect By Connor Dewar.
7:16 of 1st period - Stopped by Mackenzie Blackwood without a rebound.
7:17 of 1st period - Austin Watson wins face-off versus Patrick Brown in Reno Silver Aces zone.
7:26 of 1st period - Austin Watson and Nicolas Deslauriers fight to a draw.
7:26 of 1st period - Penalty to Austin Watson for Fighting.
7:26 of 1st period - Penalty to Nicolas Deslauriers for Fighting.
7:26 of 1st period - Penalty to Austin Watson for instigated a fight.
7:26 of 1st period - Penalty to Austin Watson for instigated a fight.
7:27 of 1st period - Filip Hallander wins face-off versus Trevor Lewis in neutral zone.
7:30 of 1st period - Trevor Lewis is hit by Filip Hallander and loses puck.
7:43 of 1st period - Slapshot by Vinnie Hinostroza.
7:43 of 1st period - Stopped by Cal Petersen without a rebound.
7:44 of 1st period - Sheldon Dries wins face-off versus Peter Abbandonato in Toronto St Pats zone.
7:53 of 1st period - Snap shot by William Dufour.
7:53 of 1st period - Stopped by Cal Petersen with a rebound.
8:41 of 1st period - Wrist shot by Maxime Comtois.
8:41 of 1st period - Stopped by Cal Petersen with a rebound.
9:26 of 1st period - Penalty to Austin Watson is over, Corey Andonovski is send on ice.
10:48 of 1st period - Michael Stone is hit by Lucas Carlsson and loses puck.
10:59 of 1st period - Quinton Byfield is hit by Josh Archibald and loses puck.
11:10 of 1st period - Valtteri Puustinen is hit by Filip Hallander and loses puck.
11:57 of 1st period - Jon Merrill is hit by William Lockwood.
12:09 of 1st period - Lars Eller is hit by Sheldon Dries and loses puck.
12:24 of 1st period - Icing by Dylan Coghlan.
12:25 of 1st period - Patrick Brown wins face-off versus Jake Leschyshyn in Reno Silver Aces zone.
12:36 of 1st period - Snap shot by Connor Dewar.
12:36 of 1st period - Shot Misses the Net.
12:48 of 1st period - Snap shot by Nick Cousins.
12:48 of 1st period - Shot Misses the Net.
12:50 of 1st period - Wrist shot by Filip Hallander.
12:50 of 1st period - Shot Misses the Net.
12:52 of 1st period - Snap shot by William Lockwood.
12:52 of 1st period - Stopped by Mackenzie Blackwood with a rebound.
12:54 of 1st period - Slapshot by Nicolas Beaudin.
12:54 of 1st period - Shot Blocked by Patrick Brown.
12:56 of 1st period - Slapshot by Scott Perunovich.
12:56 of 1st period - Deflect By Filip Hallander.
12:56 of 1st period - Shot Blocked by Drew O'Connor.
12:56 of 1st period - Puck is out of play.
12:57 of 1st period - Lars Eller wins face-off versus Sheldon Dries in Reno Silver Aces zone.
12:57 of 1st period - Lars Eller is hit by Jake Leschyshyn.
13:05 of 1st period - Quinton Byfield is hit by Lars Eller and loses puck.
13:43 of 1st period - Snap shot by William Lockwood.
13:43 of 1st period - Stopped by Mackenzie Blackwood with a rebound.
13:45 of 1st period - Slapshot by Sean Walker.
13:45 of 1st period - Deflect By Riley Damiani.
13:45 of 1st period - Shot Blocked by Josh Archibald.
13:45 of 1st period - Puck is out of play.
13:46 of 1st period - Riley Damiani wins face-off versus Trevor Lewis in Reno Silver Aces zone.
14:03 of 1st period - Backhand shot by Lucas Carlsson.
14:03 of 1st period - Shot Misses the Net.
14:27 of 1st period - Wrist shot by Nick Cousins.
14:27 of 1st period - Deflect By Filip Hallander.
14:27 of 1st period - Shot Blocked by William Dufour.
14:27 of 1st period - Puck is out of play.
14:28 of 1st period - Peter Abbandonato wins face-off versus William Lockwood in Reno Silver Aces zone.
14:32 of 1st period - Off-side.
14:33 of 1st period - Lars Eller wins face-off versus Jake Leschyshyn in neutral zone.
14:45 of 1st period - Minor Penalty to Sean Walker for Goalie Interference.
14:46 of 1st period - Peter Abbandonato wins face-off versus Sheldon Dries in Toronto St Pats zone.
14:46 of 1st period - Snap shot by Maxime Comtois.
14:46 of 1st period - Goal by Maxime Comtois - Reno Silver Aces : 2 - Toronto St Pats : 1.
14:47 of 1st period - Lars Eller wins face-off versus Jake Leschyshyn in neutral zone.
15:08 of 1st period - Danton Heinen is hit by Connor Dewar.
16:26 of 1st period - Wrist shot by Maxime Comtois.
16:26 of 1st period - Shot Misses the Net.
16:28 of 1st period - Slapshot by Jon Merrill.
16:28 of 1st period - Shot Misses the Net.
16:30 of 1st period - Wrist shot by Danton Heinen.
16:30 of 1st period - Shot Misses the Net.
16:40 of 1st period - Snap shot by Danton Heinen.
16:40 of 1st period - Shot Misses the Net.
16:42 of 1st period - Slapshot by Robert Bortuzzo.
16:42 of 1st period - Shot Blocked by Lassi Thomson.
17:10 of 1st period - Snap shot by Danton Heinen.
17:10 of 1st period - Shot Blocked by Lassi Thomson.
17:14 of 1st period - Snap shot by Lars Eller.
17:14 of 1st period - Shot Misses the Net.
17:16 of 1st period - Snap shot by Danton Heinen.
17:16 of 1st period - Shot Misses the Net.
17:18 of 1st period - Snap shot by Jon Merrill.
17:18 of 1st period - Stopped by Cal Petersen with a rebound.
17:20 of 1st period - Snap shot by Maxime Comtois.
17:20 of 1st period - Stopped by Cal Petersen without a rebound.
17:21 of 1st period - Nick Cousins wins face-off versus Trevor Lewis in Toronto St Pats zone.
17:28 of 1st period - Slapshot by Filip Hallander.
17:28 of 1st period - Stopped by Mackenzie Blackwood without a rebound.
17:29 of 1st period - Trevor Lewis wins face-off versus Filip Hallander in Reno Silver Aces zone.
17:51 of 1st period - Icing by Pierre-Olivier Joseph.
17:52 of 1st period - Patrick Brown wins face-off versus Riley Damiani in Toronto St Pats zone.
18:05 of 1st period - Wrist shot by Brendan Brisson.
18:05 of 1st period - Stopped by Mackenzie Blackwood with a rebound.
18:27 of 1st period - Snap shot by Nick Cousins.
18:27 of 1st period - Stopped by Mackenzie Blackwood with a rebound.
18:29 of 1st period - Snap shot by Filip Hallander.
18:29 of 1st period - Deflect By Nick Cousins.
18:29 of 1st period - Shot Blocked by Dylan Coghlan.
18:29 of 1st period - Puck is out of play.
18:30 of 1st period - Jake Leschyshyn wins face-off versus Patrick Brown in Reno Silver Aces zone.
19:03 of 1st period - Minor Penalty to Jeremie Poirier for Cross-checking.
19:04 of 1st period - Patrick Brown wins face-off versus Sheldon Dries in Reno Silver Aces zone.
19:30 of 1st period - Sean Walker is hit by Lars Eller.
19:59 of 1st period - Lars Eller is hit by Quinton Byfield and loses puck.
Goals for this period are 2 for Reno Silver Aces vs 1 for Toronto St Pats.
Shots for this period are 12 for Reno Silver Aces vs 9 for Toronto St Pats.
2nd period
0:01 of 2nd period - Lars Eller wins face-off versus Filip Hallander in neutral zone.
0:16 of 2nd period - Snap shot by Filip Hallander.
0:16 of 2nd period - Shot Blocked by Lars Eller.
0:26 of 2nd period - Sean Walker is hit by Robert Bortuzzo.
0:30 of 2nd period - Wrist shot by Sheldon Dries.
0:30 of 2nd period - Stopped by Mackenzie Blackwood with a rebound.
0:32 of 2nd period - Snap shot by Quinton Byfield.
0:32 of 2nd period - Shot Misses the Net.
0:34 of 2nd period - Snap shot by Quinton Byfield.
0:34 of 2nd period - Shot Blocked by Jon Merrill.
0:36 of 2nd period - Slapshot by Jake Leschyshyn.
0:36 of 2nd period - Shot Misses the Net.
1:03 of 2nd period - Penalty to Jeremie Poirier is over, Jeremie Poirier is back on ice.
1:08 of 2nd period - Wrist shot by Filip Hallander.
1:08 of 2nd period - Stopped by Mackenzie Blackwood with a rebound.
1:10 of 2nd period - Wrist shot by Filip Hallander.
1:10 of 2nd period - Goal by Filip Hallander - Reno Silver Aces : 2 - Toronto St Pats : 2.
1:11 of 2nd period - Jake Leschyshyn wins face-off versus Trevor Lewis in neutral zone.
1:22 of 2nd period - Wrist shot by Connor Dewar.
1:22 of 2nd period - Shot Misses the Net.
1:24 of 2nd period - Slapshot by Sean Walker.
1:24 of 2nd period - Deflect By Connor Dewar.
1:24 of 2nd period - Stopped by Mackenzie Blackwood with a rebound.
1:26 of 2nd period - Wrist shot by Jake Leschyshyn.
1:26 of 2nd period - Stopped by Mackenzie Blackwood without a rebound.
1:27 of 2nd period - Sheldon Dries wins face-off versus Peter Abbandonato in Reno Silver Aces zone.
1:34 of 2nd period - Wrist shot by Sheldon Dries.
1:34 of 2nd period - Shot Misses the Net.
1:36 of 2nd period - Slapshot by Sean Walker.
1:36 of 2nd period - Shot Blocked by Jon Merrill.
1:38 of 2nd period - Snap shot by Sheldon Dries.
1:38 of 2nd period - Stopped by Mackenzie Blackwood with a rebound.
1:40 of 2nd period - Slapshot by Jake Leschyshyn.
1:40 of 2nd period - Shot Blocked by Jon Merrill.
1:42 of 2nd period - Slapshot by Sean Walker.
1:42 of 2nd period - Shot Blocked by Jon Merrill.
1:48 of 2nd period - Minor Penalty to Robert Bortuzzo for Holding.
1:49 of 2nd period - Lars Eller wins face-off versus Filip Hallander in Reno Silver Aces zone.
2:00 of 2nd period - Snap shot by Connor Dewar.
2:00 of 2nd period - Stopped by Mackenzie Blackwood with a rebound.
2:21 of 2nd period - Off-side.
2:22 of 2nd period - Patrick Brown wins face-off versus Sheldon Dries in neutral zone.
2:26 of 2nd period - 10 Minutes Misconduct Penalty to Austin Watson is over.
2:41 of 2nd period - Snap shot by Quinton Byfield.
2:41 of 2nd period - Stopped by Mackenzie Blackwood with a rebound.
2:43 of 2nd period - Slapshot by Lucas Carlsson.
2:43 of 2nd period - Shot Blocked by Lars Eller.
3:04 of 2nd period - Drew O'Connor is hit by Sean Walker and loses puck.
3:28 of 2nd period - Patrick Brown is hit by Connor Dewar and loses puck.
3:48 of 2nd period - Penalty to Robert Bortuzzo is over, Robert Bortuzzo is back on ice.
4:01 of 2nd period - Nick Cousins is hit by Valtteri Puustinen and loses puck.
4:16 of 2nd period - Snap shot by Brendan Brisson.
4:16 of 2nd period - Stopped by Mackenzie Blackwood with a rebound.
4:26 of 2nd period - Wrist shot by Josh Archibald.
4:26 of 2nd period - Shot Blocked by Sheldon Dries.
4:30 of 2nd period - Snap shot by Trevor Lewis.
4:30 of 2nd period - Shot Misses the Net.
5:44 of 2nd period - Lucas Carlsson is hit by Danton Heinen and loses puck.
5:57 of 2nd period - Valtteri Puustinen is hit by Quinton Byfield and loses puck.
6:16 of 2nd period - Minor Penalty to Robert Bortuzzo for Interference.
6:17 of 2nd period - Sheldon Dries wins face-off versus Lars Eller in Reno Silver Aces zone.
6:26 of 2nd period - Patrick Brown is hit by Sheldon Dries and loses puck.
6:41 of 2nd period - Lassi Thomson is hit by Michael Stone and loses puck.
8:16 of 2nd period - Penalty to Robert Bortuzzo is over, Robert Bortuzzo is back on ice.
8:31 of 2nd period - William Villeneuve is hit by Sean Walker and loses puck.
9:50 of 2nd period - Riley Damiani is hit by Peter Abbandonato and loses puck.
10:00 of 2nd period - Icing by Nicolas Beaudin.
10:01 of 2nd period - Lars Eller wins face-off versus Riley Damiani in Toronto St Pats zone.
10:02 of 2nd period - Snap shot by Maxime Comtois.
10:02 of 2nd period - Stopped by Cal Petersen with a rebound.
10:31 of 2nd period - Wrist shot by Filip Hallander.
10:31 of 2nd period - Shot Blocked by Danton Heinen.
10:33 of 2nd period - Slapshot by Sean Walker.
10:33 of 2nd period - Deflect By Lars Eller.
10:33 of 2nd period - Stopped by Mackenzie Blackwood with a rebound.
10:49 of 2nd period - William Dufour is hit by Pierre-Olivier Joseph and loses puck.
10:56 of 2nd period - Sheldon Dries is hit by William Villeneuve and loses puck.
11:09 of 2nd period - Connor Dewar is hit by Trevor Lewis and loses puck.
11:20 of 2nd period - Wrist shot by Connor Dewar.
11:20 of 2nd period - Shot Misses the Net.
11:38 of 2nd period - Nick Cousins is hit by Drew O'Connor and loses puck.
11:51 of 2nd period - Lucas Carlsson is hit by William Dufour and loses puck.
12:41 of 2nd period - Patrick Brown is hit by Nick Cousins and loses puck.
12:56 of 2nd period - Snap shot by Filip Hallander.
12:56 of 2nd period - Shot Misses the Net.
12:58 of 2nd period - Snap shot by William Lockwood.
12:58 of 2nd period - Goal by William Lockwood - Reno Silver Aces : 2 - Toronto St Pats : 3.
12:59 of 2nd period - Austin Watson wins face-off versus Trevor Lewis in neutral zone.
13:02 of 2nd period - Dylan Coghlan is hit by Austin Watson and loses puck.
13:36 of 2nd period - Snap shot by Quinton Byfield.
13:36 of 2nd period - Shot Blocked by Dylan Coghlan.
13:38 of 2nd period - Wrist shot by Quinton Byfield.
13:38 of 2nd period - Deflect By Austin Watson.
13:38 of 2nd period - Shot Misses the Net.
13:38 of 2nd period - Puck is out of play.
13:39 of 2nd period - Trevor Lewis wins face-off versus Jake Leschyshyn in Reno Silver Aces zone.
13:39 of 2nd period - Trevor Lewis is hit by Jake Leschyshyn.
14:01 of 2nd period - Minor Penalty to Sean Walker for Hooking.
14:02 of 2nd period - Peter Abbandonato wins face-off versus Sheldon Dries in Toronto St Pats zone.
14:15 of 2nd period - Danton Heinen is hit by Filip Hallander and loses puck.
15:03 of 2nd period - Filip Hallander is hit by Peter Abbandonato and loses puck.
16:01 of 2nd period - Penalty to Sean Walker is over, Sean Walker is back on ice.
16:13 of 2nd period - Peter Abbandonato is hit by Nicolas Beaudin and loses puck.
16:40 of 2nd period - Nicolas Deslauriers is hit by Nick Cousins and loses puck.
17:11 of 2nd period - Sheldon Dries is hit by Danton Heinen and loses puck.
17:29 of 2nd period - Icing by Sean Walker.
17:30 of 2nd period - Jake Leschyshyn wins face-off versus Patrick Brown in Toronto St Pats zone.
17:43 of 2nd period - Icing by Lassi Thomson.
17:44 of 2nd period - Lars Eller wins face-off versus Filip Hallander in Toronto St Pats zone.
17:59 of 2nd period - Snap shot by Filip Hallander.
17:59 of 2nd period - Deflect By Nick Cousins.
17:59 of 2nd period - Stopped by Mackenzie Blackwood without a rebound.
18:00 of 2nd period - Josh Archibald wins face-off versus Sheldon Dries in Reno Silver Aces zone.
18:00 of 2nd period - Josh Archibald is hit by Sheldon Dries.
18:08 of 2nd period - Wrist shot by Dylan Coghlan.
18:08 of 2nd period - Shot Misses the Net.
18:30 of 2nd period - Slapshot by Lucas Carlsson.
18:30 of 2nd period - Deflect By Jake Leschyshyn.
18:30 of 2nd period - Goal by Jake Leschyshyn - Reno Silver Aces : 2 - Toronto St Pats : 4.
18:31 of 2nd period - Trevor Lewis wins face-off versus Jake Leschyshyn in neutral zone.
18:58 of 2nd period - Quinton Byfield is hit by Maxime Comtois and loses puck.
19:03 of 2nd period - Snap shot by Danton Heinen.
19:03 of 2nd period - Goal by Danton Heinen - Reno Silver Aces : 3 - Toronto St Pats : 4.
19:04 of 2nd period - Jake Leschyshyn wins face-off versus Lars Eller in neutral zone.
19:09 of 2nd period - Jon Merrill is hit by Sean Walker and loses puck.
19:31 of 2nd period - Icing by Jon Merrill.
19:32 of 2nd period - Sheldon Dries wins face-off versus Trevor Lewis in Reno Silver Aces zone.
19:47 of 2nd period - Snap shot by Josh Archibald.
19:47 of 2nd period - Stopped by Cal Petersen with a rebound.
Goals for this period are 1 for Reno Silver Aces vs 3 for Toronto St Pats.
Shots for this period are 3 for Reno Silver Aces vs 13 for Toronto St Pats.
3rd period
0:01 of 3rd period - Jake Leschyshyn wins face-off versus Danton Heinen in neutral zone.
0:27 of 3rd period - Trevor Lewis is hit by Austin Watson and loses puck.
0:43 of 3rd period - Off-side.
0:44 of 3rd period - Filip Hallander wins face-off versus Patrick Brown in neutral zone.
0:49 of 3rd period - Drew O'Connor is hit by William Lockwood and loses puck.
1:17 of 3rd period - Snap shot by Lars Eller.
1:17 of 3rd period - Stopped by Cal Petersen with a rebound.
1:21 of 3rd period - Wrist shot by Lars Eller.
1:21 of 3rd period - Shot Misses the Net.
1:23 of 3rd period - Slapshot by Michael Stone.
1:23 of 3rd period - Deflect By Danton Heinen.
1:23 of 3rd period - Shot Misses the Net.
1:23 of 3rd period - Puck is out of play.
1:24 of 3rd period - Jake Leschyshyn wins face-off versus Trevor Lewis in Toronto St Pats zone.
1:39 of 3rd period - Wrist shot by Trevor Lewis.
1:39 of 3rd period - Stopped by Cal Petersen with a rebound.
1:58 of 3rd period - Snap shot by Lars Eller.
1:58 of 3rd period - Shot Misses the Net.
2:55 of 3rd period - Slapshot by Trevor Lewis.
2:55 of 3rd period - Stopped by Cal Petersen without a rebound.
2:56 of 3rd period - Filip Hallander wins face-off versus Trevor Lewis in Toronto St Pats zone.
3:22 of 3rd period - Jeremie Poirier is hit by Austin Watson and loses puck.
4:29 of 3rd period - Icing by Robert Bortuzzo.
4:30 of 3rd period - Filip Hallander wins face-off versus Trevor Lewis in Reno Silver Aces zone.
4:33 of 3rd period - Slapshot by William Lockwood.
4:33 of 3rd period - Stopped by Mackenzie Blackwood without a rebound.
4:34 of 3rd period - Sheldon Dries wins face-off versus Lars Eller in Reno Silver Aces zone.
4:59 of 3rd period - Lucas Carlsson is hit by Trevor Lewis and loses puck.
5:33 of 3rd period - Minor Penalty to William Dufour for Holding Stick.
5:34 of 3rd period - Patrick Brown wins face-off versus Filip Hallander in Reno Silver Aces zone.
5:42 of 3rd period - Josh Archibald is hit by Filip Hallander and loses puck.
6:07 of 3rd period - Wrist shot by Sheldon Dries.
6:07 of 3rd period - Stopped by Mackenzie Blackwood without a rebound.
6:08 of 3rd period - Filip Hallander wins face-off versus Lars Eller in Reno Silver Aces zone.
6:13 of 3rd period - Wrist shot by Brendan Brisson.
6:13 of 3rd period - Stopped by Mackenzie Blackwood without a rebound.
6:14 of 3rd period - Lars Eller wins face-off versus Filip Hallander in Reno Silver Aces zone.
6:25 of 3rd period - Slapshot by Filip Hallander.
6:25 of 3rd period - Goal by Filip Hallander - Reno Silver Aces : 3 - Toronto St Pats : 5.
6:26 of 3rd period - Lars Eller wins face-off versus Sheldon Dries in neutral zone.
6:53 of 3rd period - Josh Archibald is hit by Pierre-Olivier Joseph and loses puck.
7:14 of 3rd period - Wrist shot by Connor Dewar.
7:14 of 3rd period - Stopped by Mackenzie Blackwood without a rebound.
7:15 of 3rd period - Jake Leschyshyn wins face-off versus William Dufour in Reno Silver Aces zone.
7:29 of 3rd period - Slapshot by Lucas Carlsson.
7:29 of 3rd period - Shot Blocked by Valtteri Puustinen.
7:31 of 3rd period - Slapshot by Corey Andonovski.
7:31 of 3rd period - Stopped by Mackenzie Blackwood with a rebound.
7:37 of 3rd period - Wrist shot by Connor Dewar.
7:37 of 3rd period - Shot Misses the Net.
7:45 of 3rd period - Slapshot by Connor Dewar.
7:45 of 3rd period - Shot Misses the Net.
7:47 of 3rd period - Snap shot by Connor Dewar.
7:47 of 3rd period - Stopped by Mackenzie Blackwood with a rebound.
7:49 of 3rd period - Wrist shot by Corey Andonovski.
7:49 of 3rd period - Stopped by Mackenzie Blackwood with a rebound.
7:51 of 3rd period - Snap shot by Corey Andonovski.
7:51 of 3rd period - Shot Misses the Net.
7:53 of 3rd period - Slapshot by Pierre-Olivier Joseph.
7:53 of 3rd period - Shot Blocked by Michael Stone.
7:55 of 3rd period - Slapshot by Sean Walker.
7:55 of 3rd period - Stopped by Mackenzie Blackwood without a rebound.
7:56 of 3rd period - Quinton Byfield wins face-off versus Lars Eller in Reno Silver Aces zone.
7:57 of 3rd period - Snap shot by Austin Watson.
7:57 of 3rd period - Stopped by Mackenzie Blackwood without a rebound.
7:58 of 3rd period - Lars Eller wins face-off versus Sheldon Dries in Reno Silver Aces zone.
8:25 of 3rd period - William Villeneuve is hit by Scott Perunovich and loses puck.
9:17 of 3rd period - Snap shot by Connor Dewar.
9:17 of 3rd period - Shot Misses the Net.
9:19 of 3rd period - Slapshot by Pierre-Olivier Joseph.
9:19 of 3rd period - Deflect By Josh Archibald.
9:19 of 3rd period - Stopped by Mackenzie Blackwood with a rebound.
10:24 of 3rd period - Minor Penalty to Nicolas Beaudin for Hooking.
10:25 of 3rd period - Trevor Lewis wins face-off versus Connor Dewar in Toronto St Pats zone.
10:40 of 3rd period - Snap shot by Vinnie Hinostroza.
10:40 of 3rd period - Shot Misses the Net.
10:58 of 3rd period - Slapshot by Maxime Comtois.
10:58 of 3rd period - Stopped by Cal Petersen with a rebound.
11:00 of 3rd period - Snap shot by Danton Heinen.
11:00 of 3rd period - Stopped by Cal Petersen with a rebound.
12:24 of 3rd period - Penalty to Nicolas Beaudin is over, Nicolas Beaudin is back on ice.
12:40 of 3rd period - Ville Koivunen is hit by Patrick Brown.
13:20 of 3rd period - Dylan Coghlan is hit by Jake Leschyshyn and loses puck.
14:25 of 3rd period - Nicolas Deslauriers is hit by Austin Watson and loses puck.
14:46 of 3rd period - Snap shot by Nick Cousins.
14:46 of 3rd period - Shot Blocked by Valtteri Puustinen.
14:48 of 3rd period - Slapshot by Nicolas Beaudin.
14:48 of 3rd period - Shot Misses the Net.
15:46 of 3rd period - Dylan Coghlan is hit by Corey Andonovski and loses puck.
16:36 of 3rd period - Danton Heinen is hit by Filip Hallander and loses puck.
16:49 of 3rd period - Nick Cousins is hit by Jeremie Poirier and loses puck.
17:42 of 3rd period - Wrist shot by Patrick Brown.
17:42 of 3rd period - Shot Misses the Net.
18:02 of 3rd period - Snap shot by Jake Leschyshyn.
18:02 of 3rd period - Stopped by Mackenzie Blackwood with a rebound.
18:04 of 3rd period - Wrist shot by Jake Leschyshyn.
18:04 of 3rd period - Shot Misses the Net.
18:06 of 3rd period - Slapshot by Nicolas Beaudin.
18:06 of 3rd period - Stopped by Mackenzie Blackwood with a rebound.
19:17 of 3rd period - Maxime Comtois is hit by Lucas Carlsson and loses puck.
Goals for this period are 0 for Reno Silver Aces vs 1 for Toronto St Pats.
Shots for this period are 5 for Reno Silver Aces vs 13 for Toronto St Pats.
Back to the Top